 Dungeon Crawl Stone Soup version 0.28.0-49-g6dfe1f597d (webtiles) character file.

Game seed: 11631096994264319788

11 Zeld the Sneak (level 2, -18/27 HPs)
             Began as a Hill Orc Delver on May 12, 2022.
             Demolished by an orc
             ... wielding a +1 war axe of electrocution
              (19 damage)
             ... in the Ecumenical Temple.
             The game lasted 00:01:12 (926 turns).

Zeld the Sneak (Hill Orc Delver)                     Turns: 926, Time: 00:01:13

Health: -18/27     AC:  3    Str: 14    XL:     2   Next: 25%
Magic:  2/2        EV: 11    Int: 10    God:
Gold:   33         SH:  0    Dex: 12    Spells: 1/1 levels left

rFire   . . .      SeeInvis .   a - +0 hand axe
rCold   . . .      Faith    .   (no shield)
rNeg    . . .      Spirit   .   b - +0 leather armour
rPois   .          Reflect  .   (no helmet)
rElec   .          Harm     .   (no cloak)
rCorr   .          Rampage  .   (no gloves)
Will    .....                   (no boots)
Stlth   ++........              (no amulet)
HPRegen 0.09/turn               (no ring)
MPRegen 0.08/turn               (no ring)

@: no status effects
A: no striking features
a: no special abilities


You were in the Ecumenical Temple.
You visited 2 branches of the dungeon, and saw 3 of its levels.

You collected 33 gold pieces.

Inventory:

Hand Weapons
 a - a +0 hand axe (weapon)
Armour
 b - a +0 leather armour (worn)
Wands
 g - a wand of digging (3)
Scrolls
 c - a scroll of fog
 d - a scroll of magic mapping
 e - a scroll of fear
Potions
 f - a potion of haste


   Skills:
 * Level 3.8 Fighting
 * Level 3.0 Axes
 * Level 0.7 Armour
 + Level 1.6 Dodging
 - Level 4.1 Stealth
 * Level 0.5 Evocations


You had one spell level left.
You didn't know any spells.
Your spell library was empty.

Dungeon Overview and Level Annotations

Branches:
Dungeon (5/15)             Temple (1/1) D:4

Altars:
Ashenzari
Cheibriados
Dithmenos
Elyvilon
Fedhas
Gozag
Hepliaklqana
Kikubaaqudgha
Makhleb
Nemelex Xobeh
Okawaru
Qazlal
Ru
Sif Muna
Trog
Uskayaw
Wu Jian
Xom
Yredelemnul
Zin
The Shining One


Message History

There is a staircase to the Ecumenical Temple here.
You can't go up here!
You climb downwards.
Welcome back to the Ecumenical Temple!
There is a staircase back to the Dungeon here.
You start resting.
You start resting.
HP restored.
Okay, then.
You climb upwards.
The orc barely misses you. x2
The orc hits you with a +0 dagger.
The orc hits you with a +1 war axe of electrocution!
There is a staircase to the Ecumenical Temple here.
The orc hits you but does no damage. The orc completely misses you.
You climb downwards.
Welcome back to the Ecumenical Temple!
There is a staircase back to the Dungeon here.
You slash the orc!
You kill the orc!
You hit the orc. The orc completely misses you.
Unknown command.
You hit the orc but do no damage.
The orc is heavily wounded.
The orc closely misses you.
You hit the orc but do no damage.
The orc is heavily wounded.
The orc barely misses you.
You barely miss the orc.
The orc is heavily wounded.
The orc barely misses you.
You hit the orc but do no damage.
The orc is heavily wounded.
The orc hits you with a +1 war axe of electrocution!
You hit the orc but do no damage.
The orc is heavily wounded.
The orc hits you with a +1 war axe of electrocution.
* * * LOW HITPOINT WARNING * * *
The orc hits you with a +1 war axe of electrocution.
* * * LOW HITPOINT WARNING * * *
You are electrocuted!!
Ouch! That really hurt!
You die...

##......_..............._......##
.................................
....._....................._.....
.................................
.................................
..._..........⌠...⌠.........._...
.................................
................)o...............
.._.........⌠...@...⌠........._..
.................................
.................................
..._..........⌠...⌠.........._...
.................................
....._....................._.....
.................................
......._................._.......
##.............................##


You could see an orc.

Vanquished Creatures
  A dart slug (D:4)
  2 orcs
  An endoplasm (D:4)
  A goblin (D:4)
  A hobgoblin (D:4)
6 creatures vanquished.

Notes
Turn   | Place    | Note
-------+----------+-------------------------------------------
     0 | D:5      | Zeld the Hill Orc Delver began the quest for the Orb.
     0 | D:5      | Reached XP level 1. HP: 19/19 MP: 1/1
    28 | D:5      | Noticed an iguana
   292 | D:4      | Found a staircase to the Ecumenical Temple.
   309 | Temple   | Entered the Ecumenical Temple
   407 | D:4      | Reached XP level 2. HP: 18/27 MP: 2/2
   926 | Temple   | HP: 1/27 [orc/+1 war axe of electrocution (4)]
   926 | Temple   | Demolished by an orc

Illustrated notes

Levels and vault maps discovered:
D:4:      layout_layer_cave, minmay_temple_entry_arrows, st_stairs_10
D:5:      layout_basic, serial_shops, nicolae_shop_bloodbath_and_beyond,
          nicolae_square_shop, nicolae_shop_behind_doors, nicolae_shop_crystal,
          shop, uniq_duvessa
Temple:   compressed_dpeg_circular_temple

Skill      XL: |  1  2 |
---------------+-------+-----
Axes           | 3 |  3.0
Fighting       | |  3.8
Armour         | |  0.7
Dodging        | |  1.6
Stealth        | |  4.1
Evocations     | |  0.5

Action                   || total
-------------------------++-------
Melee: Hand axe          ||    25
       Punch             ||     1
Armor: Leather armour    ||     4
Dodge: Dodged            ||    18
